 Dungeon Crawl Stone Soup version 0.19-a0-1886-gd64a0f0 (webtiles) character file.

121 JeffiDaFish the Conjurer (level 4, -4/33 HPs)
             Began as a Draconian Conjurer on Oct 17, 2016.
             Slain by Terence
             ... wielding a +0 flail
              (8 damage)
             ... on level 3 of the Dungeon.
             The game lasted 00:08:28 (2935 turns).

JeffiDaFish the Conjurer (Draconian Conjurer)       Turns: 2935, Time: 00:08:29

Health: -4/33      AC:  5    Str: 11    XL:     4   Next: 77%
Magic:  0/8        EV: 12    Int: 15    God:
Gold:   127        SH:  0    Dex: 12    Spells: 1 memorised, 7 levels left

rFire  . . .     SeeInvis .     f - +0 spear
rCold  . . .     Gourm    .     (armour unavailable)
rNeg   . . .     Faith    .     (no shield)
rPois  .         Spirit   .     (helmet restricted)
rElec  .         Dismiss  .     (no cloak)
rCorr  .         Reflect  .     (no gloves)
MR     .....     Harm     .     (no boots)
Stlth  +.........               (no amulet)
                                (no ring)
                                e - ring of loudness (curse)

@: no status effects
A: unfitting armour, cold-blooded, AC +5
a: no special abilities


You were on level 3 of the Dungeon.
You were not hungry.

You visited 1 branch of the dungeon, and saw 3 of its levels.

You collected 127 gold pieces.

Inventory:

Hand Weapons
 f - a +0 spear (weapon)
Jewellery
 e - a cursed ring of loudness (left hand)
Books
 a - a book of Conjurations

   Spells                             Type                      Level
   a - Magic Dart                     Conjuration                  1
   b - Searing Ray                    Conjuration                  2
   c - Dazzling Spray                 Conjuration/Hexes            3
   d - Fulminant Prism                Conjuration/Hexes            4
   e - Iskenderun's Mystic Blast      Conjuration                  4
   f - Iskenderun's Battlesphere      Conjuration/Charms           5
Comestibles
 b - 3 bread rations
 d - a meat ration
 g - 6 chunks of flesh
 h - a royal jelly


   Skills:
 + Level 0.2 Fighting
 + Level 1.0 Polearms
 + Level 2.5 Dodging
 + Level 2.3 Stealth
 - Level 1.0 Unarmed Combat
 * Level 2.7 Spellcasting
 + Level 4.6 Conjurations


You had 7 spell levels left.
You knew the following spells:

 Your Spells              Type           Power        Failure   Level  Hunger
a - Magic Dart            Conj           ###.         3%          1    #......


Dungeon Overview and Level Annotations

Branches:
Dungeon (3/15)

Altars:
Fedhas
Qazlal

Annotations:
D:3 Terence


Innate Abilities, Weirdness & Mutations

Your plain brown scales are hard. (AC +5)
You cannot fit into any form of body armour.
You are cold-blooded and may be slowed by cold attacks.


Message History

Aim: Terence, wielding a flail and wearing a scale mail (severely wounded)
The magic dart hits Terence.
Terence is severely wounded.
Terence misses you.
Casting: Magic Dart
Confirm with . or Enter, or press ? or * to list all spells.
Aiming: Magic Dart
Press: ? - help, Shift-Dir - straight line, f/p - Terence
Aim: Terence, wielding a flail and wearing a scale mail (severely wounded)
The magic dart hits Terence.
Terence is almost dead.
Casting: Magic Dart
Confirm with . or Enter, or press ? or * to list all spells.
Aiming: Magic Dart
Press: ? - help, Shift-Dir - straight line, f/p - Terence
Aim: Terence, wielding a flail and wearing a scale mail (almost dead)
The magic dart hits Terence.
Terence is almost dead.
Terence hits you with a flail!
You die...

.# ... #. ....... ## #.
###<#... .# ..# ... ..# #$.
... #.##.## .. ...# #.....#
##.# ....###..#.# #..
#......#.### #.#
##..รท.[....# #@#
..##.####.#..###@# .....#
#.......g# .#$)##
###.....####### #?.
#....#........#
.........##.......##.##
.......## ###.###.....##
......>######.##.......#####
..... ..............(......#


You could see Terence and a hobgoblin.

Vanquished Creatures
  A hound skeleton (D:3)
  5 adders (D:2)
  4 worms
  A leopard gecko (D:2)
  A ball python (D:2)
  2 giant cockroaches (D:1)
  7 goblins
  5 hobgoblins (D:1)
  5 jackals
  A quokka (D:3)
  7 bats
  3 frilled lizards
  7 kobolds
  6 rats
55 creatures vanquished.

Notes
Turn   | Place    | Note
-------+----------+-------------------------------------------
     0 | D:1      | JeffiDaFish the Draconian Conjurer began the quest for the Orb.
     0 | D:1      | Reached XP level 1. HP: 14/14 MP: 3/3
   492 | D:1      | Reached XP level 2. HP: 20/20 MP: 3/5
  1260 | D:1      | Reached skill level 1 in Unarmed Combat
  1356 | D:1      | Reached XP level 3. HP: 25/26 MP: 3/6
  1959 | D:2      | Reached XP level 4. HP: 13/33 MP: 2/7
  2804 | D:3      | Found a stormy altar of Qazlal.
  2806 | D:3      | Found a blossoming altar of Fedhas.
  2874 | D:3      | Reached skill level 1 in Polearms
  2886 | D:3      | Noticed Terence
  2935 | D:3      | Slain by Terence

Vault maps used:
D:1:      elethiomel_arrival_maze
D:2:      first_bread
D:3:      grunt_temple_overflow_forces_of_nature,
          nicolae_overflow_hidden_temple, kennysheep_generic_room_15,
          uniq_robin, uniq_terence, uniq_jessica

Skill      XL: |  1  2  3  4 |
---------------+-------------+-----
Dodging        | 2 |  2.5
Unarmed Combat | 1 |  1.0
Stealth        | 2 |  2.3
Polearms       | 1 |  1.0
Fighting       | |  0.2
Spellcasting   | |  2.7
Conjurations   | |  4.6

Action                   |  1- 3 |  4- 6 || total
-------------------------+-------+-------++-------
Melee: Unarmed           |    86 |       ||    86
       Spear             |    49 |    71 ||   120
       Tailslap          |     6 |     7 ||    13
       Punch             |       |     1 ||     1
 Cast: Magic Dart        |    49 |    38 ||    87
  Use: Scroll            |     3 |       ||     3
       Potion            |     2 |     3 ||     5
 Stab: Sleeping          |     1 |       ||     1
  Eat: Meat ration       |     1 |     1 ||     2
Armor: Skin              |    59 |    10 ||    69
Dodge: Dodged            |   102 |    45 ||   147
